 Dungeon Crawl Stone Soup version 0.31-a0-246-g8cbcc1cb85 (webtiles) character file.

Game seed: 15113892548215054357

430 qw the Shooter (level 6, -2/53 HPs)
             Began as a Minotaur Hexslinger on July 12, 2023.
             Was an Initiate of Okawaru.
             Slain by Pikel
             ... wielding a +1 whip of electrocution
              (6 damage)
             ... on level 4 of the Dungeon.
             The game lasted 00:01:15 (3335 turns).

qw the Shooter (Minotaur Hexslinger)                Turns: 3335, Time: 00:01:15

Health: -2/53      AC:  3    Str: 19    XL:     6   Next: 66%
Magic:  6/6        EV: 12    Int: 10    God:    Okawaru [......]
Gold:   254        SH:  5    Dex: 14    Spells: 6/7 levels left

rFire   . . .        Y - +1 sling (chaos)
rCold   . . .        (no shield)
rNeg    . . .        j - +0 leather armour
rPois   .            (helmet restricted)
rElec   .            (no cloak)
rCorr   .            (no gloves)
SInv    .            (no boots)
Will    .....        h - amulet of reflection
Stlth   +            c - +6 ring of strength
HPRegen 0.28/turn    (no ring)
MPRegen 0.10/turn

%: reflection
@: about to teleport
A: horns 2, retaliatory headbutt
a: Renounce Religion


You were on level 4 of the Dungeon.
You worshipped Okawaru.
Okawaru was noncommittal.
You visited 2 branches of the dungeon, and saw 5 of its levels.

You collected 254 gold pieces.


Innate Abilities, Weirdness & Mutations

You have a pair of horns on your head.
You reflexively headbutt those who attack you in melee.


   Skills:
 - Level 4.6 Fighting
 + Level 6.7 Ranged Weapons
 - Level 2.1 Dodging
 - Level 1.0 Spellcasting
 - Level 2.0 Hexes


You had 6 spell levels left.
You knew the following spells:

 Your Spells              Type           Power      Damage    Failure   Level
a - Slow                  Hex            16%        N/A       19%         1

Your spell library contained the following spells:

 Spells                   Type           Power      Damage    Failure   Level
 Inner Flame              Hex/Fire       2%         N/A       63%         3
 Portal Projectile        Hex/Tloc       4%         N/A       63%         3
 Cause Fear               Hex            2%         N/A       87%         4

Inventory:

Hand Weapons
 Y - a +1 sling of chaos (weapon)
Armour
 j - a +0 leather armour (worn)
 m - a +3 leather armour
Jewellery
 b - a ring of fire
 c - a +6 ring of strength (left hand)
 h - an amulet of reflection (around neck)
Scrolls
 e - 2 scrolls of teleportation
 f - a scroll of identify
Potions
 a - a potion of berserk rage {unknown}
 d - a potion of curing {unknown}
 g - 2 potions of heal wounds
 i - a potion of ambrosia {unknown}
 k - a potion of brilliance {unknown}
 l - a potion of enlightenment {unknown}

Dungeon Overview and Level Annotations

Branches:
Dungeon (4/15)             Temple (1/1) D:4

Altars:
Ashenzari
Cheibriados
Dithmenos
Elyvilon
Fedhas
Hepliaklqana
Nemelex Xobeh
Okawaru
Sif Muna
Uskayaw
Vehumet
Xom
Yredelemnul
Zin
The Shining One
Lugonu

Annotations:
D:3 1 runed translucent door, qw's ghost, weakling MiHs
D:4 Pikel


Message History

A lemure comes into view.
You shoot a sling bullet.
The sling bullet hits Pikel but does no damage.
Pikel resists with almost no effort.
Pikel is lightly wounded.
Pikel barely misses you.
You shoot a sling bullet. The sling bullet closely misses Pikel.
The sling bullet closely misses the hound.
Pikel hits you with a +1 whip of electrocution!
You shoot a sling bullet. The sling bullet closely misses Pikel.
The sling bullet closely misses the hound.
Pikel hits you with a +1 whip of electrocution!
Pikel closely misses you.
You shoot a sling bullet. The sling bullet barely misses Pikel.
The sling bullet hits the hound.
Space warps around the hound.
The hound is heavily wounded.
Pikel closely misses you.
You shoot a sling bullet. The sling bullet hits Pikel.
Pikel looks as sick as possible!
Pikel is heavily wounded.
Pikel hits you with a +1 whip of electrocution.
You shoot a sling bullet. The sling bullet barely misses Pikel.
The sling bullet closely misses the hound.
The sling bullet hits the lemure but does no damage.
The lemure seems to grow stronger.
Pikel hits you with a +1 whip of electrocution.
You shoot a sling bullet. The sling bullet hits Pikel.
The sling bullet freezes Pikel.
Pikel is heavily wounded.
Pikel closely misses you. You furiously retaliate!
You headbutt Pikel! You shoot a sling bullet. The sling bullet misses Pikel.
The sling bullet hits the hound!
The hound is poisoned.
The hound is almost dead.
Pikel hits you with a +1 whip of electrocution!
You are electrocuted!
3335 ||| READING 3 scrolls of teleportation.
As you read the scroll of teleportation, it crumbles to dust.
You feel strangely unstable.
Pikel hits you with a +1 whip of electrocution.
You die...

#.........##.....##..+
#.........+..........#
#####.##..##.....#####
....#.##..##.....# #
....'.....##.....# .#
....#.....##.....# ..+
....##....##.....# ...#
#....#######.....#h...#
#....#..........@K55..#
#.<..#....##.....#55..#
#....#....##.....# ...#
.....'....#......# ....
.....#....#......# ...
.....#....#......# ..
.....+....#......# .
.....#....##.....#
.....#....#


You could see Pikel (extremely poisoned), 4 lemures and a hound (very poisoned).

Vanquished Creatures
  Duvessa (D:4)
  A bullfrog (D:4)
  A scorpion (D:4)
  Dowan (D:4)
  A howler monkey (D:4)
  3 adders
  3 worms
  2 orcs
  6 ball pythons
  11 endoplasms
  4 giant cockroaches
  9 hobgoblins
  6 jackals
  6 kobolds
  6 quokkas
  8 bats
  A frilled lizard (D:2)
  3 goblins
  3 rats
76 creatures vanquished.

Notes
Turn   | Place    | Note
-------+----------+-------------------------------------------
     0 | D:1      | qw the Minotaur Hexslinger began the quest for the Orb.
     0 | D:1      | Reached XP level 1. HP: 16/16 MP: 1/1
     0 | D:1      | 0 ||| qw: Version: 0.3-a-52-g30416fa
     0 | D:1      | 0 ||| qw: Game counter: 6251
     0 | D:1      | 0 ||| qw: Melee chars always use a shield: true
     0 | D:1      | 0 ||| qw: God list: Okawaru
     0 | D:1      | 0 ||| qw: Allow faded altars: false
     0 | D:1      | 0 ||| qw: Do Orc after clearing Dungeon:15 true
     0 | D:1      | 0 ||| qw: Do second Lair branch before Depths: true
     0 | D:1      | 0 ||| qw: Lair rune preference: random
     0 | D:1      | 0 ||| qw: Goals: Normal
     0 | D:1      | 0 ||| PLANNING D:1-11
   171 | D:1      | Reached skill level 3 in Ranged Weapons
   171 | D:1      | Reached XP level 2. HP: 23/23 MP: 2/2
   551 | D:1      | Found a faded altar of an unknown god.
   856 | D:1      | 856 ||| UPGRADING to +0 leather armour.
   866 | D:1      | 866 ||| DROPPING +0 robe.
   867 | D:1      | 867 ||| READING scroll labelled HEUXEL ZOIBIU.
   968 | D:1      | 968 ||| READING scroll labelled HOTACZAONI.
   969 | D:1      | 969 ||| READING 2 scrolls labelled IMUNUAR UXTOX.
   970 | D:1      | 970 ||| READING scroll labelled IJILUF PYIPISYL.
   971 | D:1      | 971 ||| DROPPING scroll of poison.
  1006 | D:2      | Reached XP level 3. HP: 29/29 MP: 3/3
  1130 | D:2      | Reached skill level 4 in Ranged Weapons
  1410 | D:2      | 1410 ||| DROPPING ring of flight.
  1411 | D:2      | 1411 ||| UPGRADING to +6 ring of strength.
  1412 | D:2      | 1412 ||| READING scroll labelled LASEIV JINWU.
  1413 | D:2      | 1413 ||| READING 2 scrolls of identify.
  1413 | D:2      | 1413 ||| IDENTIFYING amethyst potion
  1452 | D:3      | Reached XP level 4. HP: 36/36 MP: 4/4
  1569 | D:3      | Found a shadowy altar of Dithmenos.
  1681 | D:3      | Found a glowing silver altar of Zin.
  1707 | D:3      | Found a hide-covered altar of Uskayaw.
  1797 | D:3      | Found a runed translucent door.
  2139 | D:3      | Noticed qw's ghost (weakling MiHs)
  2141 | D:3      | 2141 ||| DROPPING amulet of magic regeneration.
  2142 | D:3      | 2142 ||| UPGRADING to amulet of reflection.
  2147 | D:3      | 2147 ||| READING 3 scrolls labelled ZEAXI PUF OTT.
  2164 | D:3      | 2164 ||| DRINKING 2 dark potions.
  2195 | D:3      | 2195 ||| DROPPING potion of lignification.
  2215 | D:4      | Reached skill level 5 in Ranged Weapons
  2243 | D:4      | Found a glowing golden altar of the Shining One.
  2303 | D:4      | Reached skill level 3 in Fighting
  2303 | D:4      | Reached XP level 5. HP: 32/45 MP: 5/5
  2362 | D:4      | Found a staircase to the Ecumenical Temple.
  2363 | D:4      | 2363 ||| PLANNING TEMPLE
  2363 | D:4      | 2363 ||| READING scroll labelled JALABBEKY.
  2372 | Temple   | Entered the Ecumenical Temple
  2381 | Temple   | 2381 ||| PLANNING OKAWARU WORSHIP
  2423 | Temple   | Became a worshipper of Warmaster Okawaru
  2424 | Temple   | 2424 ||| PLANNING D:1-11
  2697 | D:4      | Reached skill level 6 in Ranged Weapons
  2697 | D:4      | Reached XP level 6. HP: 48/51 MP: 6/6
  2972 | D:4      | Noticed Dowan
  2972 | D:4      | Noticed Duvessa
  2984 | D:4      | Killed Duvessa
  2984 | D:4      | Reached * piety under Okawaru
  2985 | D:4      | 2985 ||| INVOKING Heroism.
  2989 | D:4      | Killed Dowan
  3152 | D:4      | Found a sparkling altar of Nemelex Xobeh.
  3179 | D:4      | Found a basalt altar of Yredelemnul.
  3325 | D:4      | Noticed Pikel
  3334 | D:4      | HP: 3/53 [Pikel/+1 whip of electrocution (12)]
  3335 | D:4      | 3335 ||| READING 3 scrolls of teleportation.
  3335 | D:4      | Slain by Pikel

Levels and vault maps discovered:
D:1:      dpeg_arrival_chambers_temple_mockup, layout_loops_ring,
          hellmonk_ecumenical_altar_leap_of_faith
D:2:      layout_basic
D:3:      layout_loops_ring, mainiacjoe_overflow_tiny_flanked,
          eat_drink_and_be_merry_uskayaw, mainiacjoe_overflow_six_doors_small,
          ebering_ghost_reflecting_pool, nicolae_elevator_lobby_asterisk
D:4:      layout_gridville, yredelemnul_altar_generic,
          nemelex_dance_club_becter, general_overflow_altar,
          minmay_temple_entry_junction, nrook_campfire, uniq_pikel, uniq_duvessa
Temple:   corrupted_temple

Skill      XL: |  1  2  3  4  5  6 |
---------------+-------------------+-----
Ranged Weapons | 3 4 5 6 |  6.7
Fighting       | 2 3 4 |  4.6
Dodging        | |  2.1
Spellcasting   | |  1.0
Hexes          | |  2.0

Action                     |  1- 3 |  4- 6 || total
---------------------------+-------+-------++-------
   Fire: Sling             |   147 |   120 ||   267
 Invoke: Heroism           |       |     1 ||     1
    Use: Scroll            |     6 |     3 ||     9
         Potion            |       |     1 ||     1
 Armour: Robe              |     3 |       ||     3
         Leather armour    |     9 |     6 ||    15
  Dodge: Dodged            |    39 |    32 ||    71
  Block: Other             |       |    15 ||    15

Table legend:
 A = Non-vault XP
 B = Vault XP
 C = Vault XP percentage of total XP
 D = Non-vault monster count
 E = Vault monster count
 F = Vault count percentage of total count
                 A         B        C        D         E       F
            +---------+---------+-------+---------+---------+-------
      Total |     394 |     221 |  35.9 |      72 |       4 |   5.3
            +---------+---------+-------+---------+---------+-------
        D:1 |      38 |       0 |   0.0 |      21 |       0 |   0.0
        D:2 |      45 |       0 |   0.0 |      23 |       0 |   0.0
        D:3 |      56 |       0 |   0.0 |      14 |       0 |   0.0
        D:4 |     255 |     221 |  46.4 |      14 |       4 |  22.2
            +---------+---------+-------+---------+---------+-------
